 Dungeon Sprint DCSS version 0.30.1-5-ged363bc7ee (webtiles) character file.

Game seed: 4890443472380880182

14 Heoruswealwe the Thaumaturge (level 5, 28/28 HPs)
             Began as a Deep Elf Conjurer on Sept 19, 2023.
             Was an Initiate of Gozag.
             Got out of the dungeon alive.
             The game lasted 00:04:20 (177 turns).

Heoruswealwe the Thaumaturge (Deep Elf Conjurer)     Turns: 177, Time: 00:04:21

Health: 28/28      AC:  2    Str:  4    XL:     5   Next: 80%
Magic:  17/20      EV: 12    Int: 25    God:    Gozag
Gold:   22         SH:  0    Dex: 13    Spells: 12/26 levels left

rFire   . . .        (no weapon)
rCold   . . .        (no shield)
rNeg    . . .        a - +0 robe
rPois   .            (no helmet)
rElec   .            (no cloak)
rCorr   .            (no gloves)
SInv    .            (no boots)
Will    .....        (no amulet)
Stlth   ++           (no ring)
HPRegen 0.24/turn    (no ring)
MPRegen 0.17/turn

%: no teleportation
@: no status effects
A: no striking features
a: Renounce Religion, Potion Petition, Call Merchant, Bribe Branch


You escaped.
You worshipped Gozag.
Gozag was noncommittal.
You visited 1 branch You collected 472 gold pieces.
You spent 450 gold pieces at shops.

Inventory:

Armour
 a - a +0 robe (worn)
 o - the +1 hat of Autumn {Will- Regen+ Str+3 Int-5 Stlth+}
   (You bought it in a shop in the Dungeon)

   Str:       It affects your strength (+3).
   Int:       It affects your intelligence (-5).
   Regen:     It increases your rate of health regeneration.
   Will:      It decreases your willpower.
   Stlth:     It makes you more stealthy.
Jewellery
 l - the amulet of Jieciq {rF+ Regen+ Str+4 Int+3}
   (You bought it in a shop in the Dungeon)

   [amulet of regeneration]

   Str:       It affects your strength (+4).
   Int:       It affects your intelligence (+3).
   rF:        It protects you from fire.
   Regen:     It increases your rate of health regeneration.
 m - the amulet of Zaggiukk {Spirit -Tele Harm rCorr Int+4}
   (You bought it in a shop in the Dungeon)

   [amulet of guardian spirit]

   It causes incoming damage to be divided between your reserves of health and
   magic.
   Int:       It affects your intelligence (+4).
   -Tele:     It prevents most forms of teleportation.
   rCorr:     It protects you from acid and corrosion.
   Harm:      It increases damage dealt and taken.
 n - the amulet "Fogh" {rPois Regen+}
   (You bought it in a shop in the Dungeon)

   [amulet of regeneration]

   rPois:     It protects you from poison.
   Regen:     It increases your rate of health regeneration.
Wands
 i - a wand of quicksilver (1)
 j - a wand of iceblast (1)
Scrolls
 g - 4 scrolls of blinking
 k - 3 scrolls of fog
Potions
 b - 3 potions of magic
 c - a potion of curing
 d - 4 potions of heal wounds
 e - 4 potions of haste
 f - a potion of berserk rage
 h - a potion of resistance


   Skills:
 - Level 2.4 Dodging
 - Level 2.4 Stealth
 + Level 11.4 Spellcasting
 + Level 10.3 Conjurations


You had 12 spell levels left.
You knew the following spells:

 Your Spells              Type           Power      Damage    Failure   Level
a - Magic Dart            Conj           100%       1d8       1%          1
b - Searing Ray           Conj           100%       2d8       1%          2
c - Dazzling Flash        Conj/Hex       80%        N/A       1%          3
d - Fulminant Prism       Conj/Hex       20%        3d12      4%          4
e - Iskenderun's Mystic   Conj/Tloc      40%        2d9       4%          4

Your spell library contained the following spells:

 Spells                   Type           Power      Damage    Failure   Level


Dungeon Overview and Level Annotations

Branches:
Dungeon (1/1)

Altars:
Cheibriados
Dithmenos
Fedhas
Gozag
Kikubaaqudgha
Makhleb
Okawaru
Qazlal
Ru
Sif Muna
Trog
Uskayaw
Vehumet
Wu Jian
Xom
Yredelemnul
Zin
The Shining One
Lugonu

Shops:
D *[??*?*:[((!!!!


Message History

The magic dart hits the jackal zombie.
The jackal zombie is almost destroyed.
The magic dart hits the jackal zombie.
You destroy the jackal zombie!
Victory!
Score multiplier: 2x You now have 14 arena points (gained 14).
You now have 245 gold pieces (gained 108).
You now have 272 gold pieces (gained 27).
You now have 317 gold pieces (gained 45).
Things that are here:
a +0 robe; a +0 spear You now have 337 gold pieces (gained 20).
Things that are here:
a +0 robe; a +0 spear Memorise Searing Ray, consuming 2 spell levels and leaving 23? [Y]es or [N]o only, please.
Memorise Searing Ray, consuming 2 spell levels and leaving 23?
You start memorising the spell.
You continue memorising. x2
You finish memorising.
Spell assigned to 'b'.
Memorise Dazzling Flash, consuming 3 spell levels and leaving 20?
You start memorising the spell.
You continue memorising. x3
You finish memorising.
Spell assigned to 'c'.
This spell is quite dangerous to cast!
Memorise Fulminant Prism, consuming 4 spell levels and leaving 16?
You start memorising the spell.
You continue memorising. x4
You finish memorising.
Spell assigned to 'd'.
This spell is quite dangerous to cast!
Memorise Iskenderun's Mystic Blast, consuming 4 spell levels and leaving 12?
You start memorising the spell.
You continue memorising. x4
You finish memorising.
Spell assigned to 'e'.
There is an entrance to Beonikum's Identification Station here.
There is an entrance to Viodadus's Advanced Armour here.
o - the +1 hat of Autumn {Will- Regen+ Str+3 Int-5 Stlth+} Thank you for shopping at Viodadus's Advanced Armour!
There is a staircase leading out of the dungeon here.
Are you sure you want to leave the Dungeon?
This will make you lose the game!
Alright, then stay!
Are you sure you want to leave the Dungeon?
This will make you lose the game!
You have escaped!

#_......._# ###.........###
#⌠...........⌠#
######.8.........8.######
##.___......###.......__∩##
###∩........8.# #.8........∩###
##.............###.............##
#⌠..........###...###..........⌠#
#⌠........[.# #.@.# #..........⌠#
#⌠..........###...###..........⌠#
##.............###.............##
###∩........8.# #.8........∩###
##∩_._......###......__.∩##
######.8.........8.######
#⌠...........⌠# ###..[......###
#_......._#


There were no monsters in sight!

Vanquished Creatures
  A phantom (D)
  A necrophage (D)
  2 wights (D)
  An adder skeleton (D)
  A jackal zombie (D)
6 creatures vanquished.

Notes
Turn   | Place    | Note
-------+----------+-------------------------------------------
     0 | D        | Heoruswealwe the Deep Elf Conjurer began the quest for the
                  | Orb.
     0 | D        | Reached XP level 1. HP: 10/10 MP: 6/6
     0 | D        | Found a sacrificial altar of Ru.
     0 | D        | Found a corrupted altar of Lugonu.
     3 | D        | Found a stormy altar of Qazlal.
     3 | D        | Found a bloodstained altar of Trog.
     4 | D        | Found a glowing golden altar of the Shining One.
     4 | D        | Found a shimmering blue altar of Sif Muna.
     5 | D        | Found an opulent altar of Gozag.
     5 | D        | Round 1.
     6 | D        | Found a blossoming altar of Fedhas.
     6 | D        | Found an ancient bone altar of Kikubaaqudgha.
     6 | D        | Found Cymuef's Magic Scroll Shop.
     6 | D        | Found Dopogiq's Staff Store.
     7 | D        | Found a shadowy altar of Dithmenos.
     7 | D        | Found Afepuom's Magic Scroll Shop.
     7 | D        | Found Palecs's Must-Have Magic.
    13 | D        | Became a worshipper of Gozag Ym Sagoz the Greedy
    18 | D        | Found Quteg's Jewellery.
    18 | D        | Noticed a phantom
    19 | D        | Found Viodadus's Advanced Armour.
    24 | D        | Found Beonikum's Identification Station.
    24 | D        | Found a burning altar of Makhleb.
    25 | D        | Bought a clouded steel amulet for 45 gold pieces
    25 | D        | Identified the amulet of Jieciq {rF+ Regen+ Str+4 Int+3}
                  | (You bought it in a shop in the Dungeon)
    25 | D        | Bought a twitching lead amulet for 45 gold pieces
    25 | D        | Identified the amulet of Zaggiukk {Spirit -Tele Harm rCorr
                  | Int+4} (You bought it in a shop in the Dungeon)
    25 | D        | Bought a crude garnet amulet for 45 gold pieces
    25 | D        | Identified the amulet "Fogh" {rPois Regen+} (You bought it
                  | in a shop in the Dungeon)
    30 | D        | Killed a phantom
    31 | D        | Reached skill level 7 in Spellcasting
    31 | D        | Reached XP level 2. HP: 15/15 MP: 3/12
    31 | D        | Reached XP level 3. HP: 19/19 MP: 3/14
    31 | D        | Reached XP level 4. HP: 24/24 MP: 3/15
    46 | D        | Found a radiant altar of Vehumet.
    50 | D        | Reached skill level 9 in Spellcasting
    50 | D        | Found Uqailet's Premium Goods.
    51 | D        | Found Qyanla's Miscellaneous Merchandise.
    51 | D        | Found Siwn's Basic Armour.
    52 | D        | Found a basalt altar of Yredelemnul.
    52 | D        | Found a hide-covered altar of Uskayaw.
    52 | D        | Found a shimmering altar of Xom.
    52 | D        | Found Jaorgh Inaokh's Weapon Rack.
    58 | D        | Found an iron altar of Okawaru.
    59 | D        | Found a glowing silver altar of Zin.
    61 | D        | Found Sanuyj Otep's Do-It-Yourself Clinic.
    62 | D        | Found Qufoh's Bottled Wisdom.
    62 | D        | Found Tilliomi's Distillery.
    62 | D        | Found an ornate altar of the Wu Jian Council.
    62 | D        | Found a snail-covered altar of Cheibriados.
    62 | D        | Found Extidi's Distillery.
   118 | D        | Reached skill level 10 in Spellcasting
   118 | D        | Reached XP level 5. HP: 28/28 MP: 15/19
   127 | D        | Reached skill level 11 in Spellcasting
   127 | D        | Reached skill level 10 in Conjurations
   129 | D        | Arena points: 14 (+14) [x2]
   145 | D        | Learned a level 2 spell: Searing Ray
   149 | D        | Learned a level 3 spell: Dazzling Flash
   154 | D        | Learned a level 4 spell: Fulminant Prism
   159 | D        | Learned a level 4 spell: Iskenderun's Mystic Blast
   164 | D        | Bought a spiked hat for 315 gold pieces
   164 | D        | Identified the +1 hat of Autumn {Will- Regen+ Str+3 Int-5
                  | Stlth+} (You bought it in a shop in the Dungeon)
   177 | D        | Got out of the dungeon alive.

Illustrated notes

Levels and vault maps discovered:
D:        arena_sprint

Skill      XL: |  1  2  3  4  5 |
---------------+----------------+-----
Spellcasting   | 7 10 11 | 11.4
Conjurations   | 7 9 10 | 10.3
Dodging        | |  2.4
Stealth        | |  2.4

Action                     |  1- 3 |  4- 6 || total
---------------------------+-------+-------++-------
   Cast: Magic Dart        |     3 |     9 ||    12
  Evoke: Wand              |     2 |     6 ||     8
 Armour: Robe              |     2 |       ||     2
  Dodge: Dodged            |     1 |     1 ||     2
